 Dungeon Crawl Stone Soup version 0.27.1-1-g398f81649c (webtiles) character file.

Game seed: 13927767851258745674

161620 MajorAdolf the Fighter (level 17, -1/164 HPs)
             Began as a Naga Wanderer on Sept 13, 2021.
             Was a High Priest of the Shining One.
             Killed by divine providence
             ... invoked by Saint Roka
              (15 damage)
             ... on level 3 of the Snake Pit.
             The game lasted 01:11:15 (33828 turns).

MajorAdolf the Fighter (Naga Wanderer)             Turns: 33828, Time: 01:11:16

Health: -1/164     AC: 31    Str: 19    XL:     17   Next: 79%
Magic:  23/23      EV:  5    Int: 18    God:    the Shining One [*****.]
Gold:   1018       SH: 19    Dex:  8    Spells: 16/16 levels left

rFire    + + .     SeeInvis +   S - +8 rapier "Daniob" {protect, +Rage Fly rPois}
rCold    + + +     Faith    .   W - +2 tower shield
rNeg     + + .     Spirit   .   Y - +0 chain mail "Qiuhenk" {rC++ Int+4 Dex-4 Slay+3}
rPois    +         Reflect  .   v - +0 helmet
rElec    +         Harm     .   E - scarf {rC+ rF+}
rCorr    +         Rampage  .   (no gloves)
Will     ++...                  G - +3 barding {rC+}
Stlth    ..........             o - amulet of regeneration
HPRegen  1.37/turn              F - ring of protection from cold
MPRegen  0.18/turn              C - ring of resist corrosion

@: lethally poisoned (-1 -> -2), resistant (expiring), under a protective aura,
flying, glowing, very slow
A: AC +5, large, see invisible, deformed body, poison resistance, slowness 2,
spit poison 1, naga tail 2
a: Spit Poison, Renounce Religion, Evoke Berserk Rage, Divine Shield, Cleansing
Flame, Summon Divine Warrior


You were on level 3 of the Snake Pit.
You worshipped the Shining One.
The Shining One was extremely pleased with you.
You visited 4 branches of the dungeon, and saw 25 of its levels.
You also visited: Bailey and Volcano.

You collected 2387 gold pieces.
You spent 1369 gold pieces at shops.

Inventory:

Hand Weapons
 r - the +9 dagger of the Eternal Void {venom, Dex+2}
   (You took it off an orc on level 8 of the Dungeon)

   It poisons the flesh of those it strikes.
   Dex:       It affects your dexterity (+2).
 H - a +5 long sword of electrocution
 S - the +8 rapier "Daniob" (weapon) {protect, +Rage Fly rPois}
   (You found it on level 1 of the Lair of Beasts)

   It grants its wielder temporary protection when it strikes (+7 to AC).
   rPois:     It protects you from poison.
   Fly:       It grants you flight.
   +Rage:     It lets you go berserk.
Missiles
 h - 37 javelins
 j - 8 silver javelins (quivered)
 I - 12 silver boomerangs
 P - 2 throwing nets
Armour
 v - a +0 helmet (worn)
 E - a scarf of resistance (worn)
 G - a +3 barding of cold resistance (worn)
 W - a +2 tower shield (worn)
 Y - the +0 chain mail "Qiuhenk" (worn) {rC++ Int+4 Dex-4 Slay+3}
   (You bought it in a shop on level 12 of the Dungeon)

   Int:       It affects your intelligence (+4).
   Dex:       It affects your dexterity (-4).
   Slay:      It affects your accuracy & damage with ranged weapons and melee
   (+3).
   rC:        It greatly protects you from cold.
Jewellery
 a - a ring of willpower
 e - a ring of protection from cold
 g - an amulet of guardian spirit
 o - an amulet of regeneration (around neck)
 C - a ring of resist corrosion (right hand)
 F - a ring of protection from cold (left hand)
Wands
 f - a wand of polymorph (7)
 i - a wand of paralysis (9)
 p - a wand of iceblast (20)
 R - a wand of acid (9)
 T - a wand of digging (6)
 V - a wand of mindburst (27)
 X - a wand of flame (85)
Scrolls
 b - 4 scrolls of blinking
 k - 2 scrolls of immolation
 m - 3 scrolls of magic mapping
 n - 2 scrolls of silence
 t - 4 scrolls of fear
 z - 3 scrolls of holy word
 A - 3 scrolls of fog
 U - 10 scrolls of identify
Potions
 c - a potion of lignification
 d - 5 potions of invisibility
 l - 2 potions of magic
 q - 9 potions of flight
 s - 3 potions of mutation
 u - 2 potions of heal wounds
 y - 2 potions of cancellation
 B - 3 potions of berserk rage
 D - 7 potions of curing
 K - 2 potions of haste
 L - a potion of brilliance
 M - a potion of attraction
 N - 2 potions of resistance
 O - 2 potions of ambrosia
 Z - 3 potions of might
Miscellaneous
 w - a tin of tremorstones (inert)
 J - a phantom mirror (inert)


   Skills:
 + Level 13.2 Fighting
 + Level 12.4 Long Blades
 - Level 1.0 Polearms
 + Level 11.0 Armour
 + Level 11.1 Dodging
 - Level 3.0 Stealth
 + Level 11.2 Shields
 - Level 3.0 Unarmed Combat
 + Level 8.1 Invocations
 + Level 12.6 Evocations


You had 16 spell levels left.
You didn't know any spells.
Your spell library contained the following spells:

 Spells                   Type           Power      Damage    Failure   Level
 Freeze                   Ice            0%         1d3       98%         1
 Blink                    Tloc           N/A        N/A       99%         2
 Ensorcelled Hibernation  Hex/Ice        0%         N/A       99%         2
 Static Discharge         Conj/Air       0%         N/A       99%         2
 Sublimation of Blood     Necr           0%         N/A       99%         2
 Wereblood                Tmut           0%         N/A       99%         2
 Dazzling Flash           Conj/Hex       0%         N/A       100%        3
 Frozen Ramparts          Ice            0%         1d2       100%        3
 Gell's Gravitas          Tloc           0%         N/A       100%        3
 Lesser Beckoning         Tloc           0%         N/A       100%        3
 Spider Form              Tmut/Pois      0%         N/A       100%        3
 Stone Arrow              Conj/Erth      0%         3d7       100%        3
 Teleport Other           Tloc           0%         N/A       100%        3
 Tukima's Dance           Hex            0%         N/A       100%        3
 Animate Armour           Summ/Erth      0%         N/A       100%        4
 Cause Fear               Hex            0%         N/A       100%        4
 Hailstorm                Conj/Ice       0%         3d3       100%        4
 Ice Form                 Ice/Tmut       0%         N/A       100%        4
 Passage of Golubria      Tloc           N/A        N/A       100%        4
 Petrify                  Tmut/Erth      0%         N/A       100%        4
 Summon Ice Beast         Ice/Summ       0%         N/A       100%        4
 Agony                    Necr           0%         N/A       100%        5
 Blade Hands              Tmut           0%         N/A       100%        5
 Lightning Bolt           Conj/Air       0%         1d11      100%        5
 Manifold Assault         Tloc           0%         N/A       100%        5
 Metabolic Englaciation   Hex/Ice        0%         N/A       100%        5
 Silence                  Hex/Air        0%         N/A       100%        5
 Summon Forest            Summ/Tloc      0%         N/A       100%        5
 Summon Mana Viper        Hex/Summ       0%         N/A       100%        5
 Yara's Violent Unravell  Hex/Tmut       0%         3d3       100%        5
 Iron Shot                Conj/Erth      0%         9d1       100%        6
 Shadow Creatures         Summ           N/A        N/A       100%        6
 Statue Form              Tmut/Erth      0%         N/A       100%        6
 Dragon Form              Tmut           0%         N/A       100%        7
 Summon Hydra             Summ           0%         N/A       100%        7
 Lehudib's Crystal Spear  Conj/Erth      0%         10d2      100%        8
 Maxwell's Capacitive Co  Air            0%         ∞         100%        8
 Dragon's Call            Summ           0%         N/A       100%        9


Dungeon Overview and Level Annotations

Branches:
Dungeon (15/15)            Temple (1/1) D:6            Lair (6/6) D:10
 Shoals (0/4) Lair:3        Snake (3/4) Lair:4        Slime (0/5) Lair:5
    Orc (0/2) D:12         Vaults (0/5) D:14         Depths (0/5) D:15
 Bailey (visited)         Volcano (visited)

Altars:
Ashenzari
Cheibriados
Dithmenos
Elyvilon
Fedhas
Gozag
Hepliaklqana
Kikubaaqudgha
Makhleb
Nemelex Xobeh
Qazlal
Ru
Sif Muna
Trog
Uskayaw
Vehumet
Wu Jian
Xom
Yredelemnul
Zin
The Shining One

Shops:
D:2 =   D:4 *   D:12 [   D:15 (   Snake:1 *   Snake:2 *!

Annotations:
D:3 1 runed translucent door, Crazy Yiuf
D:8 exclusion: downstairs
Snake:1 2 transporters, libidonplus's ghost, adept DECj
Snake:2 3 runed translucent doors, exclusion: obsidian statue, Fat Ral's ghost, adept DEWz
Snake:3 Saint Roka
Abyss:1 Louise


Innate Abilities, Weirdness & Mutations

Your serpentine skin is tough. (AC +5)
You have supernaturally acute eyesight. (SInv)
Armour fits poorly on your strangely shaped body.
Your system is resistant to poisons. (rPois)
You cover ground very slowly.
You can spit poison.
You can use your snake-like lower body to constrict enemies.


Message History

Saint Roka looks as sick as possible!
Saint Roka hits you but does no damage.
Unknown command.
You puncture Saint Roka!
Saint Roka is heavily wounded.
You constrict Saint Roka.
Saint Roka hits Saint Roka with a +2 great mace of venom!!
Saint Roka looks as sick as possible!
You block Saint Roka's attack.
Unknown command.
You hit Saint Roka but do no damage.
Saint Roka is heavily wounded.
You constrict Saint Roka.
Saint Roka hits Saint Roka with a +2 great mace of venom!!
Saint Roka looks as sick as possible!
You block Saint Roka's attack.
Unknown command.
You puncture Saint Roka!
Saint Roka is severely wounded.
You start to feel less resistant.
You constrict Saint Roka, but do no damage.
Saint Roka hits Saint Roka with a +2 great mace of venom!
Saint Roka hits you with a +2 great mace of venom.
* * * LOW HITPOINT WARNING * * *
You are poisoned.
You hit Saint Roka.
Saint Roka is severely wounded.
You constrict Saint Roka.
You feel very sick.
Saint Roka hits Saint Roka with a +2 great mace of venom!!
Saint Roka looks as sick as possible!
Saint Roka calls down the wrath of Beogh upon you.
Beogh smites you!
* * * LOW HITPOINT WARNING * * *
You hit Saint Roka but do no damage.
Saint Roka is almost dead.
You constrict Saint Roka, but do no damage.
You feel sick.
Saint Roka hits Saint Roka with a +2 great mace of venom!
Saint Roka looks as sick as possible!
Saint Roka calls down the wrath of Beogh upon you.
Beogh smites you!
You die...

................#.....#.#
...............##.......#
..########.....#.#).....#
#.....#+#......#
#.....#........#
#.....#.......##
#....)#........#
#...)oo)).....##
###.....#@......##
......oo#..####..#
.......o.####..####
######..o..o.hoo...
#.............
#.......o.....
#.............
#......####### #......#


You could see Saint Roka (extremely poisoned, ally target) and the friendly
Saint Roka (summoned, drained).

Vanquished Creatures
  Jorgrun (D:12)
  Frances (D:13)
  Kirke (D:14)
  Agnes (D:14)
  Aizul (Snake:1)
  A stone giant (Volcano)
  A dire elephant (D:15)
  6 naga warriors
  4 boulder beetles
  A vault guard (D:14)
  11 hydras
  12 centaur warriors
  3 two-headed ogres
  2 death knights
  5 anacondas
  5 death yaks
  3 tengu warriors
  5 naga sharpshooters
  5 shock serpents
  Sonja (D:12)
  Urug (D:10)
  6 skeletal warriors
  A salamander mystic (Snake:2)
  2 wizards (D:14)
  A naga ritualist (Snake:2)
  A deep elf zephyrmancer (D:9)
  3 mana vipers
  A deep elf pyromancer (D:9)
  A wolf spider (D:15)
  5 cyclopes
  16 ugly things
  2 oklob plants (Lair:3)
  3 manticores
  17 slime creatures
  6 salamanders
  A guardian serpent (Snake:1)
  22 black mambas
  7 elephants
  5 naga magi
  3 gargoyles
  2 molten gargoyles (Volcano)
  9 cane toads
  3 torpor snails
  A freezing wraith (D:10)
  2 rime drakes
  2 efreet
  A kobold demonologist (D:13)
  9 komodo dragons
  8 trolls
  5 hornets (Lair:6)
  13 blink frogs
  6 polar bears
  3 dream sheep (Lair:6)
  A centaur simulacrum (D:14)
  11 spriggans (Lair:6)
  Sigmund (D:6)
  A vampire (D:12)
  2 shadows
  A hog (shapeshifter) (D:15)
  2 wraiths (D:11)
  61 yaks
  9 wyverns
  A fire elemental (Volcano)
  A yak (shapeshifter) (D:14)
  7 basilisks
  A human (shapeshifter) (D:13)
  20 humans (D:14)
  6 steam dragons
  9 vampire mosquitoes (D:11)
  17 nagas
  Edmund (D:6)
  3 acid dragons
  8 water moccasins
  20 orc warriors
  4 sky beasts
  5 black bears
  24 wolves
  23 centaurs
  4 boggarts (Lair:6)
  4 kobold brigands (D:9)
  12 bullfrogs
  2 earth elementals (Volcano)
  2 gnoll sergeants
  A water moccasin zombie (D:6)
  4 scorpions
  6 jellies
  11 killer bees
  An electric eel (Lair:3)
  6 wights
  2 howler monkeys (D:11)
  A crimson imp (D:6)
  2 hounds (D:5)
  4 lava snakes (Volcano)
  2 centaur zombies (D:9)
  3 bullfrog zombies
  2 orc priests
  A bullfrog skeleton (D:5)
  Natasha (thrice) (D:4)
  4 iguanas
  6 orc wizards
  3 hell rats (D:14)
  A killer bee zombie (D:7)
  A mummy (D:6)
  2 howler monkey zombies
  4 adders
  3 gnolls (D:10)
  A shadow imp (D:7)
  An ufetubus (D:6)
  4 worms
  3 dart slugs
  44 orcs
  5 ball pythons
  3 bats
  10 endoplasms
  A giant cockroach (D:4)
  14 goblins
  5 hobgoblins
  2 jackals (D:2)
  2 quokkas
  7 kobolds
  2 kobold zombies (D:6)
  2 orc zombies (D:6)
  9 rats
689 creatures vanquished.

Vanquished Creatures (collateral kills)
  A spriggan (Lair:6)
1 creature vanquished.

Vanquished Creatures (others)
  A komodo dragon (Lair:2)
  A wyvern (D:14)
  3 humans (D:14)
  A warg (Snake:3)
  A killer bee (D:9)
  A hell rat (D:14)
  An orc (Snake:3)
  55 fungi
  60 plants
124 creatures vanquished.

Grand Total: 814 creatures vanquished

Notes
Turn   | Place    | Note
-------+----------+-------------------------------------------
     0 | D:1      | MajorAdolf the Naga Wanderer began the quest for the Orb.
     0 | D:1      | MajorAdolf set off with the following items: a +2 dagger, a
                  | scroll of blinking, 2 potions of lignification, a +0 robe
     0 | D:1      | Reached XP level 1. HP: 18/18 MP: 1/1
   300 | D:1      | Reached skill level 2 in Fighting
   300 | D:1      | Reached XP level 2. HP: 14/26 MP: 2/2
  1239 | D:1      | Reached XP level 3. HP: 33/33 MP: 3/3
  1739 | D:1      | Reached skill level 3 in Fighting
  2213 | D:2      | Found Udeuzuck's Jewellery Shop.
  2634 | D:2      | Found a faded altar of an unknown god.
  2807 | D:2      | Reached XP level 4. HP: 40/42 MP: 4/4
  3082 | D:3      | Found a shimmering blue altar of Sif Muna.
  3281 | D:3      | Found a runed translucent door.
  3282 | D:3      | Noticed Crazy Yiuf
  3377 | D:3      | Noticed a moth of wrath
  4729 | D:3      | Found a bloodstained altar of Trog.
  4793 | D:4      | Reached skill level 1 in Armour
  4817 | D:4      | Found Mamaron's Assorted Antiques.
  4844 | D:4      | Found a hide-covered altar of Uskayaw.
  4906 | D:4      | Noticed a centaur
  4963 | D:4      | Reached XP level 5. HP: 49/49 MP: 5/5
  5644 | D:4      | Noticed Natasha
  5652 | D:5      | Entered Level 5 of the Dungeon
  5683 | D:4      | Killed Natasha
  6060 | D:5      | Reached skill level 4 in Fighting
  6096 | D:5      | Noticed a sky beast
  6128 | D:5      | Killed a sky beast
  6129 | D:5      | Reached skill level 1 in Evocations
  6129 | D:5      | Reached XP level 6. HP: 40/57 MP: 6/6
  6362 | D:5      | Reached XP level 7. HP: 44/66 MP: 7/7
  6459 | D:5      | Reached skill level 1 in Long Blades
  6495 | D:5      | Reached skill level 5 in Fighting
  6559 | D:5      | Reached XP level 8. HP: 65/74 MP: 8/8
  7309 | D:4      | Found Mamaron's Assorted Antiques.
  7310 | D:4      | Found a hide-covered altar of Uskayaw.
  7665 | D:4      | Noticed Natasha
  7671 | D:4      | Killed Natasha
  7677 | D:4      | Found a hide-covered altar of Uskayaw.
  7686 | D:4      | Found Mamaron's Assorted Antiques.
  7849 | D:4      | Noticed Natasha
  7860 | D:4      | Killed Natasha
  7971 | D:6      | Noticed a shadow
  7988 | D:5      | Killed a shadow
  8491 | D:6      | Found a burning altar of Makhleb.
  8491 | D:6      | Found a shimmering altar of Xom.
  8566 | D:6      | Found a staircase to the Ecumenical Temple.
  8574 | D:6      | Noticed Sigmund
  8581 | D:6      | Killed Sigmund
  8582 | D:6      | Reached skill level 6 in Fighting
  8582 | D:6      | Reached XP level 9. HP: 82/82 MP: 9/9
  8582 | D:6      | Noticed Edmund
  8616 | D:6      | Killed Edmund
  8740 | Temple   | Entered the Ecumenical Temple
  9031 | Temple   | Became a worshipper of the Shining One
  9400 | D:7      | Found a flagged portal.
  9421 | Bailey   | Entered a bailey
  9781 | Bailey   | Reached skill level 5 in Dodging
  9933 | Bailey   | Reached skill level 5 in Evocations
 10480 | Bailey   | Reached skill level 5 in Long Blades
 10619 | Bailey   | Reached skill level 7 in Fighting
 10619 | Bailey   | Reached skill level 5 in Armour
 10764 | Bailey   | Reached XP level 10. HP: 91/94 MP: 10/10
 12690 | D:8      | Identified the +9 dagger of the Eternal Void {venom, Dex+2}
 12726 | D:8      | Reached * piety under the Shining One
 12759 | D:9      | Found a sacrificial altar of Ru.
 13010 | D:9      | Noticed a centaur warrior
 13013 | D:9      | Noticed a death knight
 13020 | D:9      | Noticed a cyclops
 13031 | D:9      | Killed a centaur warrior
 13032 | D:9      | Reached skill level 8 in Fighting
 13139 | D:9      | HP: 4/129 [wight (5)]
 13141 | D:9      | Reached skill level 9 in Fighting
 13141 | D:9      | Reached XP level 11. HP: 6/97 MP: 11/11
 13523 | D:8      | Found a shadowy altar of Dithmenos.
 13524 | D:8      | Found a hazy altar of Hepliaklqana.
 13988 | D:10     | Entered Level 10 of the Dungeon
 14104 | D:10     | Noticed Urug
 14118 | D:10     | Killed Urug
 14119 | D:10     | Reached XP level 12. HP: 84/113 MP: 12/12
 14253 | D:10     | Found a staircase to the Lair.
 14654 | D:10     | Found a stormy altar of Qazlal.
 14690 | D:10     | Reached ** piety under the Shining One
 15365 | Lair:1   | Entered Level 1 of the Lair of Beasts
 15410 | Lair:1   | Identified the +8 rapier "Daniob" {protect, +Rage Fly
                  | rPois}
 16498 | Lair:1   | Noticed a six-headed hydra
 16510 | Lair:1   | Killed a six-headed hydra
 16627 | Lair:1   | Noticed an eight-headed hydra
 16653 | Lair:1   | Killed an eight-headed hydra
 17006 | Lair:1   | Found a snail-covered altar of Cheibriados.
 17555 | Lair:2   | Reached skill level 10 in Fighting
 17566 | Lair:2   | Noticed a death yak
 17567 | Lair:2   | Noticed a death yak
 17615 | Lair:2   | Noticed a death yak
 17616 | Lair:2   | Noticed a death yak
 17616 | Lair:2   | Noticed a death yak
 17627 | Lair:1   | Killed a death yak
 17628 | Lair:1   | Gained mutation: You can use your snake-like lower body to
                  | constrict enemies. [Naga growth]
 17628 | Lair:1   | Reached XP level 13. HP: 123/123 MP: 13/13
 17748 | Lair:1   | Reached skill level 5 in Shields
 18443 | Lair:3   | Found a blossoming altar of Fedhas.
 18759 | Lair:3   | Found a staircase to the Shoals.
 18899 | Lair:3   | Found a dark tunnel.
 18905 | Volcano  | Entered a volcano
 19496 | Volcano  | Found a burning altar of Makhleb.
 19543 | Volcano  | Noticed a stone giant
 19561 | Volcano  | Killed a stone giant
 20883 | Lair:4   | Found a staircase to the Snake Pit.
 20991 | Lair:4   | Found a blossoming altar of Fedhas.
 21107 | Lair:4   | You are sucked into a shaft and drop 1 floor!
 21151 | Lair:5   | Reached skill level 10 in Evocations
 21740 | D:9      | Reached XP level 14. HP: 130/133 MP: 14/14
 21771 | D:9      | Reached skill level 11 in Fighting
 21771 | D:9      | Reached skill level 10 in Long Blades
 21771 | D:9      | Reached XP level 15. HP: 142/142 MP: 15/15
 22194 | D:9      | Reached skill level 1 in Invocations
 22374 | D:9      | Reached *** piety under the Shining One
 22543 | D:9      | Found an ornate altar of the Wu Jian Council.
 22552 | D:9      | Found a sparkling altar of Nemelex Xobeh.
 23723 | Lair:5   | Found a staircase to the Slime Pits.
 23965 | Lair:6   | Entered Level 6 of the Lair of Beasts
 25044 | Lair:6   | Reached **** piety under the Shining One
 25054 | Lair:6   | HP: 6/144 [spriggan rider (21)]
 26296 | D:12     | Reached skill level 10 in Dodging
 26493 | D:12     | Reached skill level 12 in Fighting
 26733 | D:12     | Reached XP level 16. HP: 124/152 MP: 19/19
 26883 | D:12     | Found Ytoute Ugoi's Armour Boutique.
 26883 | D:12     | Found a staircase to the Orcish Mines.
 26948 | D:12     | Bought the +0 chain mail "Qiuhenk" {rC++ Int+4 Dex-4
                  | Slay+3} for 665 gold pieces
 27190 | D:13     | Noticed Jorgrun
 27331 | D:12     | Killed Jorgrun
 27490 | D:13     | Reached skill level 5 in Invocations
 27496 | D:13     | Reached skill level 10 in Shields
 27499 | D:13     | Noticed Frances
 27511 | D:13     | Killed Frances
 27512 | D:13     | Reached skill level 10 in Armour
 27860 | D:13     | Noticed Sonja
 27910 | D:12     | Killed Sonja
 28198 | D:14     | Noticed Louise
 28201 | D:14     | Banished Louise
 28379 | D:14     | Noticed Agnes
 28396 | D:14     | Killed Agnes
 28553 | D:14     | Noticed Kirke
 28573 | D:14     | Killed Kirke
 28813 | D:14     | Reached ***** piety under the Shining One
 28926 | D:14     | Found a gate to the Vaults.
 29247 | D:15     | Entered Level 15 of the Dungeon
 30186 | D:15     | Identified a scroll of acquirement
 30186 | D:15     | Acquired a +1 barding of cold resistance
 30202 | D:15     | Found a staircase to the Depths.
 30308 | D:15     | Reached XP level 17. HP: 132/162 MP: 22/22
 30585 | D:15     | Found Lyumyif's Weapon Boutique.
 30593 | D:15     | Bought a +2 long sword of electrocution for 248 gold pieces
 31071 | Snake:1  | Entered Level 1 of the Snake Pit
 31071 | Snake:1  | Noticed Aizul
 31085 | Snake:1  | Killed Aizul
 31369 | Snake:1  | Found Foaluqaemi's Assorted Antiques.
 31382 | Snake:1  | Bought a wand of paralysis (9) for 58 gold pieces
 31382 | Snake:1  | Bought a scroll of fog for 58 gold pieces
 31835 | Snake:1  | Noticed libidonplus's ghost (adept DECj)
 32054 | Snake:1  | Found a transporter.
 32060 | Snake:1  | Found a transporter.
 32209 | Snake:1  | Reached skill level 13 in Fighting
 32564 | Snake:2  | Found Apatof's Distillery.
 32587 | Snake:2  | Bought a potion of heal wounds for 85 gold pieces
 32587 | Snake:2  | Bought a potion of heal wounds for 85 gold pieces
 32597 | Snake:2  | Bought a potion of resistance for 170 gold pieces
 32746 | Snake:2  | Found a runed translucent gate.
 32746 | Snake:2  | Found Weunaub's Assorted Antiques.
 32747 | Snake:2  | Found a runed translucent gate.
 32747 | Snake:2  | Found an opulent altar of Gozag.
 32747 | Snake:2  | Found a runed translucent gate.
 32747 | Snake:2  | Noticed Fat Ral's ghost (adept DEWz)
 32914 | Snake:2  | HP: 3/163 [poisoned by a black mamba]
 33778 | Snake:3  | Noticed Saint Roka
 33828 | Snake:3  | Killed from afar by Saint Roka

Illustrated notes

Levels and vault maps discovered:
D:1:      onia_arrival_mini_maze, layout_basic
D:2:      layout_basic, serial_shops, nicolae_shop_waterfront,
          hellmonk_ecumenical_altar_heavens_door
D:3:      minmay_bubble_buster, layout_basic, tgw_trog,
          mainiacjoe_overflow_six_doors_small, marbit_many_paths,
          uniq_crazy_yiuf_cottage
D:4:      layout_basic, old_standard_altar, serial_shops,
          nicolae_shop_behind_doors, feat_on_display, uniq_natasha
D:5:      layout_gridville
D:6:      layout_basic, grunt_temple_overflow_champion_of_chaos,
          minmay_temple_entry_slanted, minmay_mini_ossuary, uniq_edmund,
          uniq_sigmund
D:7:      layout_loops_ring, enter_bailey_3, kennysheep_generic_room_14
D:8:      layout_cave_pools, riverfiend_overflow_shadow_ancestor
D:9:      nzn_winding_woodlands_medium [nzn_winding_woodlands_5x5_perimeter,
          nzn_winding_woodlands_5x15_pathside_ponds,
          nzn_winding_woodlands_5x5_closed_star,
          nzn_winding_woodlands_5x5_open_star,
          nzn_winding_woodlands_center_lodge, nzn_winding_woodlands_hourglass,
          nzn_winding_woodlands_5x5_three, nzn_winding_woodlands_5x15_pockets,
          nzn_winding_woodlands_5x5_default], layout_loops_ring,
          overflow_temple_1_default, amethyst_overflow_temple_binary,
          hangedman_minor_gate_pass
D:10:     layout_basic, nicolae_qazlal_eye_of_the_storm, david_lair_generic,
          uniq_urug
D:11:     layout_rooms
D:12:     layout_small_grid, orc_david_3
D:13:     layout_rooms, uniq_sonja, uniq_jorgrun, uniq_frances
D:14:     layout_small_grid, grunt_vaults_entry_tiered, special_room
          [special_room_mythical_zoo], nrook_campfire, uniq_kirke, uniq_agnes,
          uniq_louise
D:15:     hangedman_depths_entry_try_elsewhere_first, layout_irregular_city,
          serial_rivers, chequers_serial_rivers_micro_c,
          chequers_serial_rivers_small_a, chequers_serial_rivers_small_b,
          chequers_serial_rivers_micro_e, chequers_serial_rivers_room_b,
          minmay_misc_feat_four_crosses, serial_shops, nicolae_shop_stone
Temple:   dpeg_chambers_temple
Lair:1:   layout_roguey, kennysheep_snail_temple
Lair:2:   layout_loops_ring
Lair:3:   layout_layer_cave, elwin_shoals_entry_rocks,
          nicolae_volcano_entry_s_turn, hangedman_tree_tricks,
          serial_bayou_lagoon_a, st_stairs_12
Lair:4:   layout_concentric_octagons, dummy_snake_entry, basic_altar,
          lemuel_fruit_tree
Lair:5:   layout_roguey, minmay_slime_entry_pillars
Lair:6:   minmay_lair_end_enchanted_forest, layout_layer_cave
Snake:1:  layout_gridlike, gammafunk_ghost_arena, serial_shops, shop,
          nicolae_snake_lava_pool, uniq_aizul
Snake:2:  layout_rooms, serial_shops,
          nicolae_shop_temple_entry_statues_fountains, ebering_ghost_gozag,
          serial_curves, eino_curves_02, eino_curves_04, eino_curves_01,
          eino_curves_01
Snake:3:  layout_cave_town, nicolae_snake_shapes, serial_bayou_shore_b,
          uniq_saint_roka

Skill      XL: |  1  2  3  4  5  6  7  8  9 10 11 12 13 14 15 16 17 |
---------------+----------------------------------------------------+-----
Fighting       | 2 3 4 5 6 7 9 10 11 12 13 | 13.2
Dodging        | 2 3 4 5 7 8 9 10 11 | 11.1
Armour         | 1 2 3 4 5 6 7 8 9 10 11 | 11.0
Evocations     | 1 2 4 5 7 8 9 10 11 12 | 12.6
Long Blades    | 2 3 5 7 9 10 11 12 | 12.4
Shields        | 4 7 9 10 11 | 11.2
Invocations    | 4 6 8 |  8.1
Polearms       | |  1.0
Stealth        | |  3.0
Unarmed Combat | |  3.0

Action                   |  1- 3 |  4- 6 |  7- 9 | 10-12 | 13-15 | 16-18 || total
-------------------------+-------+-------+-------+-------+-------+-------++-------
Melee: Dagger            |    61 |    42 |       |   343 |       |       ||   446
       Punch             |     1 |     1 |     8 |     6 |       |       ||    16
       Long sword        |       |    46 |   310 |    65 |       |       ||   421
       Rapier            |       |       |       |   196 |  1106 |  1095 ||  2397
       Constrict         |       |       |       |       |   165 |   176 ||   341
       Unarmed           |       |       |       |       |       |    11 ||    11
 Fire: Hand crossbow     |       |    20 |    19 |       |       |       ||    39
Throw: Stone             |    15 |    12 |   113 |     1 |       |       ||   141
Invok: Divine Shield     |       |       |       |       |     1 |     1 ||     2
 Abil: Spit Poison       |    43 |    43 |    87 |    38 |     3 |    16 ||   230
       Evoke Berserk Rag |       |       |       |     3 |    10 |     2 ||    15
Evoke: Wand              |       |       |    30 |       |     6 |     5 ||    41
       Phantom mirror    |       |       |       |       |     1 |     2 ||     3
       Tin of tremorston |       |       |       |       |       |     2 ||     2
  Use: Potion            |       |       |     6 |     6 |     2 |     4 ||    18
       Scroll            |       |       |    10 |     4 |     6 |    17 ||    37
 Stab: Sleeping          |     1 |     1 |       |       |       |       ||     2
       Paralysed         |       |       |    15 |       |       |       ||    15
Armor: Robe              |     5 |       |       |       |       |       ||     5
       Ring mail         |     1 |    20 |       |       |       |       ||    21
       Chain mail        |       |    32 |   238 |   166 |       |   520 ||   956
       Skin              |       |       |   152 |    45 |       |       ||   197
       Scale mail        |       |       |       |   206 |   626 |    30 ||   862
       Fire dragon scale |       |       |       |       |     1 |       ||     1
Dodge: Dodged            |    14 |    31 |   129 |   260 |   384 |   220 ||  1038
Block: Buckler           |       |       |       |    58 |    16 |       ||    74
       Tower shield      |       |       |       |       |  1244 |  1188 ||  2432
       Rpst.: Long sword |       |     7 |    26 |     9 |       |       ||    42
